 Dungeon Crawl Stone Soup version 0.29-a0-993-g4a18f31a58 (webtiles) character file.

Game seed: 12666048925135330958

18 vurker the Grave Robber (level 2, 16/16 HPs)
             Began as a Tengu Necromancer on Aug 2, 2022.
             Quit the game on level 1 of the Dungeon.
             The game lasted 00:04:01 (1441 turns).

vurker the Grave Robber (Tengu Necromancer)         Turns: 1441, Time: 00:04:02

Health: 16/16      AC:  2    Str:  8    XL:     2   Next: 66%
Magic:  6/6        EV: 12    Int: 15    God:
Gold:   48         SH:  0    Dex: 14    Spells: 4/5 levels left

rFire   . . .      SeeInvis .   e - +1 short sword (elec)
rCold   . . .      Faith    .   (no shield)
rNeg    . . .      Spirit   .   a - +0 robe
rPois   .          Reflect  .   (helmet restricted)
rElec   .          Harm     .   (no cloak)
rCorr   .          Rampage  .   (no gloves)
Will    .....                   (boots unavailable)
Stlth   ++........              (no amulet)
HPRegen 0.05/turn               (no ring)
MPRegen 0.10/turn               (no ring)

@: no status effects
A: beak, talons 3
a: no special abilities


You were on level 1 of the Dungeon.
You visited 1 branch of the dungeon, and saw 2 of its levels.

You collected 48 gold pieces.

Inventory:

Hand Weapons
 e - a +1 short sword of electrocution (weapon)
   (You took it off a kobold on level 1 of the Dungeon)
Armour
 a - a +0 robe (worn)
Scrolls
 c - a scroll of teleportation {unknown}
 d - a scroll of immolation {unknown}
Potions
 b - a potion of magic


   Skills:
 + Level 0.7 Fighting
 - Level 2.1 Dodging
 - Level 2.0 Stealth
 * Level 2.4 Spellcasting
 * Level 4.7 Necromancy


You had 4 spell levels left.
You knew the following spells:

 Your Spells              Type           Power      Damage    Failure   Level
a - Necrotise             Necr           64%        1d7       3%          1

Your spell library contained the following spells:

 Spells                   Type           Power      Damage    Failure   Level
 Vampiric Draining        Necr           16%        2d7       9%          3
 Animate Dead             Necr           16%        N/A       30%         4
 Agony                    Necr           16%        N/A       63%         5


Dungeon Overview and Level Annotations

Branches:
Dungeon (2/15)

Altars:


Innate Abilities, Weirdness & Mutations

You have a beak for a mouth.
You have claws for feet.


Message History

A kobold is nearby!
A kobold is nearby!
A kobold is nearby!
A kobold is nearby!
The kobold shouts!
You hit the kobold. You peck the kobold, but do no damage.
The kobold closely misses you. x2
You barely miss the kobold. Your kick misses the kobold.
The kobold hits you but does no damage.
You closely miss the kobold. The kobold hits you with a +0 dagger.
You closely miss the kobold. The kobold hits you with a +0 dagger.
A kobold is nearby!
A kobold is nearby!
You barely miss the kobold. Your kick misses the kobold.
The kobold hits you with a +0 dagger.
You closely miss the kobold. Your kick misses the kobold.
The kobold hits you with a +0 dagger.
You barely miss the kobold. Your kick misses the kobold.
The kobold hits you with a +0 dagger.
* * * LOW HITPOINT WARNING * * *
Aim: a kobold, wielding a +0 dagger (chance to affect: 86%)
The kobold barely resists.
The kobold misses you.
Aim: a kobold, wielding a +0 dagger (chance to affect: 86%)
The kobold barely resists.
The kobold closely misses you.
Aim: a kobold, wielding a +0 dagger (chance to affect: 86%)
The kobold writhes in agony.
You kill the kobold!
The dead are walking!
Your kobold skeleton crumbles into dust!
You open the door.
There is an open door here.
Done exploring.
Done exploring.
Done exploring.
Done exploring.
Done exploring.
Okay, then.
Okay, then.
Unknown command.
Unknown command.
Saving game... please wait.
Options error: Bad channel -- rotten_meat (~/.crawlrc:4123) Welcome back, vurker the Tengu Necromancer.
Okay, then.
Okay, then.
Saving game... please wait.
Options error: Bad channel -- rotten_meat (~/.crawlrc:4124) Welcome back, vurker the Tengu Necromancer.
Okay, then.
Okay, then.

######### #.....#.......### #####
######.....#####.....# ....#
#..........# #.###.# ....#
#.########## #.....# ...[# #.#
#.#.### ....# #.# ######.#####
....########.#########...........
....#......#.#.#.....#.##########
....#.####.#.#.#@###.#.#
###.#.#..#.#.#.#...#.#.#
#.#.##.#.#.#.#####.#.#
#.#....#.#.#.......#.#
#.######.#.#.#######.#
#....................#
###.##############.###
#.#..[.......#...#
#.#.########.#.#.#


There were no monsters in sight!

Vanquished Creatures
  A ball python (D:1)
  An endoplasm (D:1)
  3 goblins (D:1)
  A hobgoblin (D:1)
  2 quokkas (D:1)
  3 bats (D:1)
  2 frilled lizards (D:1)
  3 kobolds (D:1)
  2 rats (D:1)
18 creatures vanquished.

Notes
Turn   | Place    | Note
-------+----------+-------------------------------------------
     0 | D:1      | vurker the Tengu Necromancer began the quest for the Orb.
     0 | D:1      | Reached XP level 1. HP: 10/10 MP: 4/4
   470 | D:1      | Reached XP level 2. HP: 16/16 MP: 6/6
   645 | D:1      | Found a faded altar of an unknown god.
   705 | D:1      | You fall into a shaft and drop 1 floor!
  1441 | D:1      | Quit the game

Illustrated notes

Levels and vault maps discovered:
D:1:      matt_arrival_spirals, layout_basic, chequers_ecumenical_altar_grove
D:2:      layout_basic, chequers_serial_rivers_small_b, uniq_natasha

Action                   || total
-------------------------++-------
Melee: Unarmed           ||     3
       Kick              ||     1
       Short sword       ||    11
       Dagger            ||     9
       Peck              ||     2
 Cast: Necrotise         ||    16
 Stab: Sleeping          ||     2
Armor: Robe              ||     5
Dodge: Dodged            ||    15

Table legend: (Time is in decaauts)
 A = Elapsed time spent in this place.
 B = Non-inter-level travel time spent in this place.
 C = Inter-level travel time spent in this place.
 D = Time resting spent in this place.
 E = Time spent auto-exploring this place.
 F = Levels seen in this place.
 G = Mean time per level.
                   A        B        C        D        E       F      G
               +--------+--------+--------+--------+--------+-----+--------+
         Total |   1441 |   1410 |     31 |      0 |   1263 |   2 |  720.5 |
       Dungeon |   1441 |   1410 |     31 |      0 |   1263 |   2 |  720.5 |
               +--------+--------+--------+--------+--------+-----+--------+

Top non-repeatable levels by time:
     D:1: 1427 daAuts
     D:2: 13 daAuts
